Map: Torches LE

Players

herO

  • Race: Protoss Protoss
  • Spawn Location: 1:00

VITmaru (Maru) - Winner!

  • Race: Terran Terran
  • Spawn Location: 5:00

Event: DreamHack Dallas 2025

VOD

Have the link to the VOD?

Description

Time

  • Played on: May 25, 2025, 10:24 a.m.
  • Length: 7:35

All games in this series

Show
View Real Time Build Order
Export as new Build Order

herO Protoss 

Build Orders: 1 Gate Expand, Blink Stalkers, Zealot Archon 

Get SALT Encoding   

  12  0:00  Probe  
  13  0:12  Probe  
  14  0:17  Pylon  
  14  0:23  Probe  
  15  0:31  Probe  
  15  0:36  Gateway  
  15  0:40  Probe  
  16  0:46  Assimilator  
  17  0:50  Probe  
  18  1:03  Probe  
  19  1:15  Probe  
  20  1:23  Cybernetics Core  
  22  1:34  Nexus  
  22  1:38  Pylon  
  20  1:41  Probe  
  21  1:48  Assimilator  
  21  1:49  Adept  
  21  1:53  Probe  
  22  2:00  Warp Gate  
  24  2:05  Probe  
  24  2:07  Stalker  
  25  2:14  Shield Battery  
  25  2:21  Probe  
  28  2:31  Twilight Council  
  28  2:34  Probe  
  29  2:39  Stalker  
  29  2:42  Blink  
  31  2:49  Probe x2  
  33  3:01  Probe x2  
  35  3:15  Probe x2, Gateway  
  35  3:31  Probe x2  
  37  3:34  Robotics Facility  
  37  3:39  Gateway  
  35  3:42  Shield Battery  
  35  3:45  Probe x2  
  35  3:48  Stalker  
  39  3:54  Pylon  
  39  3:57  Probe x2  
  41  4:04  Pylon  
  41  4:09  Stalker, Probe x2  
  45  4:17  Stalker  
  45  4:22  Probe x2  
  49  4:24  Observer  
  49  4:25  Assimilator  
  49  4:26  Assimilator  
  50  4:34  Probe x2  
  50  4:36  Stalker, Pylon  
  54  4:40  Stalker  
  56  4:46  Probe x2  
  58  4:53  Warp Prism  
  58  4:59  Templar Archives  
  60  5:10  Pylon  
  59  5:24  Nexus  
  59  5:28  Probe x2  
  61  5:35  Pylon  
  61  5:38  High Templar x2  
  61  5:40  Probe x2  
  67  5:44  Shield Battery  
  67  5:49  Gateway x2  
  67  5:52  Probe x2  
  69  6:02  Archon, High Templar  
  68  6:16  Probe x2, Observer  
  61  6:18  Stalker x2  
  41  6:28  Probe x2  
  41  6:30  Observer  
  32  6:37  Probe  
  29  6:40  Probe  
  29  6:41  Stalker  
  29  6:42  Stalker  
  29  7:08  Stalker  
  31  7:24  Stalker x2  
Show
View Real Time Build Order
Export as new Build Order

VITmaru Terran - Winner!

Build Orders: 1/1/1, Cyclone Opening 

Get SALT Encoding   

  12  0:00  SCV  
  13  0:12  SCV  
  14  0:17  Supply Depot  
  14  0:24  SCV  
  15  0:39  SCV, Barracks  
  16  0:43  Refinery  
  16  0:51  SCV  
  16  0:53  Refinery  
  17  1:03  SCV  
  18  1:15  SCV  
  19  1:26  Reaper  
  19  1:27  Orbital Command  
  20  1:40  Factory  
  20  1:47  Supply Depot  
  20  1:52  SCV  
  21  1:58  Barracks Reactor  
  21  2:05  SCV  
  22  2:17  SCV  
  22  2:20  Command Center  
  23  2:28  Starport  
  23  2:31  SCV  
  23  2:34  Factory Tech Lab  
  23  2:36  Marine  
  25  2:38  Marine  
  25  2:43  SCV  
  27  2:50  Supply Depot  
  27  2:54  Cyclone  
  30  3:00  Marine  
  31  3:11  Marine, SCV  
  33  3:13  Medivac  
  35  3:21  Marine  
  35  3:23  SCV  
  36  3:29  Marine  
  37  3:35  SCV  
  37  3:40  Marine  
  39  3:44  Starport Tech Lab  
  39  3:50  Supply Depot  
  39  3:57  Orbital Command, Marine, Siege Tank  
  39  3:59  Marine  
  39  4:00  SCV  
  39  4:01  Refinery  
  45  4:09  Banshee  
  48  4:14  Marine  
  49  4:19  Cloaking Field  
  49  4:20  SCV  
  49  4:23  SCV  
  51  4:26  Marine  
  51  4:31  Siege Tank  
  55  4:32  Marine  
  55  4:35  Supply Depot  
  57  4:38  SCV  
  57  4:40  SCV  
  57  4:44  Marine  
  59  4:50  Marine, Supply Depot, SCV  
  60  4:54  SCV  
  60  4:58  Banshee  
  64  5:02  SCV  
  64  5:04  Siege Tank  
  68  5:07  Marine  
  68  5:08  Marine  
  68  5:12  SCV  
  71  5:20  SCV  
  72  5:24  SCV  
  72  5:27  Marine x2  
  72  5:32  SCV  
  72  5:34  Supply Depot  
  72  5:36  SCV, Barracks, Siege Tank  
  76  5:44  Banshee  
  76  5:47  SCV, Marine  
  81  5:51  SCV  
  81  5:59  SCV  
  81  6:00  Marine  
  81  6:03  SCV  
  80  6:05  Marine  
  80  6:11  SCV  
  80  6:15  SCV  
  72  6:23  SCV  
  67  6:27  SCV  
  67  6:31  Siege Tank  
  65  6:35  SCV  
  65  6:39  SCV  
  58  6:42  Banshee  
  58  6:45  Marine  
  58  6:46  Marine  
  62  6:48  SCV  
  62  6:52  SCV  
  64  7:00  SCV, Marine  
  63  7:02  Bunker  
  63  7:03  Marine, Siege Tank  
  63  7:04  Marine, SCV  
  69  7:12  SCV  
  70  7:16  SCV  
  70  7:17  Supply Depot  
Tags
 
Add a new tag
Caveats
  • Supply blocks, unpowered buildings, or Contaminate may cause inaccurate times.
  • Supply counts are checked every 10 seconds.